 Dungeon Crawl Stone Soup version 0.19.5 (webtiles) character file.

119 Patchouli the Caller (level 4, 0/24 HPs)
             Began as a Deep Elf Summoner on Mar 6, 2017.
             Succumbed to an adder's poison
             ... on level 4 of the Dungeon.
             The game lasted 00:09:24 (1106 turns).

Patchouli the Caller (Deep Elf Summoner)            Turns: 1106, Time: 00:09:25

Health: 0/24       AC:  2    Str:  8 (10) XL:     4   Next: 74%
Magic:  9/12       EV: 13    Int: 22      God:
Gold:   118        SH:  0    Dex: 15      Spells: 4 memorised, 3 levels left

rFire  . . .     SeeInvis .     d - +0 dagger
rCold  . . .     Gourm    .     a - +0 robe
rNeg   . . .     Faith    .     (no shield)
rPois  .         Spirit   .     (no helmet)
rElec  .         Reflect  .     (no cloak)
rCorr  .         Harm     .     (no gloves)
MR     .....                    (no boots)
Stlth  ++........               (no amulet)
                                (no ring)
                                (no ring)

@: lethally poisoned (0 -> -4), very slightly contaminated, invisible
A: clever 1, strong 2
a: no special abilities


You were on level 4 of the Dungeon.
You were not hungry.

You visited 1 branch of the dungeon, and saw 5 of its levels.

You collected 118 gold pieces.

Inventory:

Hand Weapons
 d - a +0 dagger (weapon)
Missiles
 e - 5 poisoned javelins (quivered)
Armour
 a - a +0 robe (worn)
Scrolls
 f - 3 scrolls of identify {unknown}
 g - 4 scrolls of teleportation {unknown}
 h - a scroll of remove curse {unknown}
 j - a scroll of fear {unknown}
 k - a scroll of recharging {unknown}
 m - a scroll of amnesia {unknown}
Books
 b - a book of Callings

   Spells                             Type                      Level
   a - Summon Small Mammal            Summoning                    1
   b - Call Imp                       Summoning                    2
   c - Call Canine Familiar           Summoning                    3
   d - Summon Guardian Golem          Hexes/Summoning              3
   e - Summon Lightning Spire         Summoning/Air                4
   f - Summon Ice Beast               Ice/Summoning                4
Comestibles
 c - 3 bread rations
 i - 9 chunks of flesh


   Skills:
 * Level 0.2 Fighting
 + Level 3.1 Dodging
 - Level 3.5 Stealth
 * Level 4.6 Spellcasting
 * Level 5.2 Summonings


You had 3 spell levels left.
You knew the following spells:

 Your Spells              Type           Power        Failure   Level  Hunger
a - Summon Small Mammal   Summ           ####         1%          1    None
b - Call Imp              Summ           ####....     1%          2    None
c - Call Canine Familiar  Summ           ####....     4%          3    ##.....
d - Summon Guardian Gole  Hex/Summ       ###.....     12%         3    ##.....


Dungeon Overview and Level Annotations

Branches:
Dungeon (5/15)
 Temple: D:4-7

Altars:
Ashenzari

Annotations:
D:3 Grinder
D:5 Dowan, Duvessa


Innate Abilities, Weirdness & Mutations

Your mind is acute. (Int +2)
Your muscles are very strong. (Str +4)


Message History

* * * LOW HITPOINT WARNING * * *
You feel sick.
You are very lightly contaminated with residual magic.
* * * LOW HITPOINT WARNING * * *
You feel sick. The goblin hits your hound.
Your hound bites the goblin.
The goblin hits your hound.
Your hound bites the goblin.
The goblin dies!
* * * LOW HITPOINT WARNING * * *
You feel sick.
* * * LOW HITPOINT WARNING * * *
You feel sick.
A hound comes into view.
* * * LOW HITPOINT WARNING * * *
You feel sick.
There is a stone staircase leading down here.
You climb downwards.
Your summoned ally is left behind.
* * * LOW HITPOINT WARNING * * *
You feel sick.
There is a stone staircase leading up here.
You die...

..###...........#.#
....#....#.#..###.#
....##.#.#........#
....##.#.#.#.################
##.###.#.#..................#
#.###.#.###...###########.##
#..##.#.# #...###########.#
##.##...# #(..#...........#
#.##...# #...#@###########
#..#...# #...#.# ##.#.#.#
#O..#<# #...#.####.#######
##..#.............
#..######.######
..###..#......#.#
......5#........#
...###O########.#


There were no monsters in sight!

Vanquished Creatures
  An adder (D:3)
  A bat (D:2)
2 creatures vanquished.

Vanquished Creatures (collateral kills)
  An ogre (D:4)
  A scorpion (D:5)
  A crimson imp (D:5)
  2 adders
  2 worms
  2 dart slugs
  A leopard gecko (D:2)
  An orc (D:4)
  2 goblins (D:3)
  3 hobgoblins
  2 jackals (D:2)
  A bat (D:2)
  A frilled lizard (D:3)
  A kobold (D:3)
  A quokka skeleton (D:4)
  A rat (D:2)
23 creatures vanquished.

Grand Total: 25 creatures vanquished

Notes
Turn   | Place    | Note
-------+----------+-------------------------------------------
     0 | D:1      | Patchouli the Deep Elf Summoner began the quest for the Orb.
     0 | D:1      | Reached XP level 1. HP: 10/10 MP: 6/6
     6 | D:1      | Noticed a minotaur zombie
    10 | D:1      | Noticed a minotaur zombie
    12 | D:1      | Noticed a minotaur zombie
    12 | D:1      | Noticed a minotaur zombie
   252 | D:3      | Noticed Grinder
   301 | D:2      | Found a shattered altar of Ashenzari.
   372 | D:2      | Reached XP level 2. HP: 15/15 MP: 1/8
   376 | D:2      | Learned a level 2 spell: Call Imp
   630 | D:4      | Noticed an ogre
   735 | D:3      | Reached XP level 3. HP: 13/19 MP: 1/10
   740 | D:3      | Learned a level 3 spell: Call Canine Familiar
   743 | D:3      | Gained mutation: Your muscles are strong. (Str +2) [potion of mutation]
   743 | D:3      | Gained mutation: Your muscles are very strong. (Str +4) [potion of mutation]
   743 | D:3      | Gained mutation: Your mind is acute. (Int +2) [potion of mutation]
   796 | D:5      | Entered Level 5 of the Dungeon
   796 | D:5      | Noticed a scorpion
   805 | D:5      | Killed a scorpion
   807 | D:5      | Reached skill level 5 in Summonings
   807 | D:5      | Reached XP level 4. HP: 14/24 MP: 1/11
   814 | D:5      | Learned a level 3 spell: Summon Guardian Golem
   822 | D:5      | Noticed Dowan
   823 | D:5      | Noticed Duvessa
   931 | D:4      | Killed an ogre
  1104 | D:4      | HP: 1/24 [poisoned by an adder]
  1106 | D:4      | Succumbed to an adder's poison

Skill      XL: |  1  2  3  4 |
---------------+-------------+-----
Stealth        | 3 |  3.5
Dodging        | 3 |  3.1
Summonings     | 5 |  5.2
Spellcasting   | 4 |  4.6
Fighting       | |  0.2

Action                   |  1- 3 |  4- 6 || total
-------------------------+-------+-------++-------
Melee: Dagger            |     5 |     1 ||     6
Throw: Javelin           |     2 |       ||     2
 Cast: Summon Small Mamm |    37 |     3 ||    40
       Call Imp          |    11 |     2 ||    13
       Call Canine Famil |     1 |     3 ||     4
  Use: Potion            |     3 |     1 ||     4
  Eat: Chunk             |       |     1 ||     1
Armor: Robe              |     2 |       ||     2
Dodge: Dodged            |    13 |     1 ||    14
